 Dungeon Crawl Stone Soup version 0.29-a0-824-gd827844252 (webtiles) character file.

Game seed: 12295090517844744729

1127 buhh the Insei (level 8, -3/56 HPs)
             Began as an Octopode Transmuter on July 10, 2022.
             Killed from afar by an orc wizard (10 damage)
             ... with a magic dart
             ... on level 6 of the Dungeon.
             The game lasted 00:09:01 (7086 turns).

buhh the Insei (Octopode Transmuter)                Turns: 7086, Time: 00:09:02

Health: -3/56      AC:  2    Str:  9    XL:     8   Next: 35%
Magic:  3/11       EV: 22    Int: 24    God:
Gold:   185        SH:  0    Dex: 17    Spells: 5/11 levels left

rFire   . . .      SeeInvis .     - Unarmed
rCold   . . .      Faith    .   (shield currently unavailable)
rNeg    . . .      Spirit   .   (helmet currently unavailable)
rPois   x          Reflect  .   (no amulet)
rElec   .          Harm     .   n - +6 ring of intelligence
rCorr   .          Rampage  .   (no ring)
Will    .....                   (no ring)
Stlth   +.........              (no ring)
HPRegen 0.18/turn               (no ring)
MPRegen 0.12/turn               (no ring)
                                (no ring)
                                (no ring)

@: confused, spider-form (expiring)
A: venomous fangs, almost no armour, (amphibious), 8 rings, tiny, (camouflage
1), (gelatinous body 1), (nimble swimmer 1), (tentacles)
a: End Transformation


You were on level 6 of the Dungeon.
You were a venomous arachnid creature.
You visited 1 branch of the dungeon, and saw 6 of its levels.

You collected 185 gold pieces.

Inventory:

Missiles
 p - 13 poisoned darts
Jewellery
 n - a +6 ring of intelligence (left front leg)
Scrolls
 b - 4 scrolls of teleportation {unknown}
 c - a scroll of noise {unknown}
 d - a scroll of brand weapon {unknown}
 e - a scroll of fear {unknown}
 g - 2 scrolls of poison {unknown}
 i - a scroll of vulnerability {unknown}
 j - a scroll of blinking {unknown}
 k - 2 scrolls of summoning {unknown}
 l - 4 scrolls of immolation {unknown}
 m - a scroll of enchant armour {unknown}
 q - 2 scrolls of identify {unknown}
 r - a scroll of magic mapping {unknown}
Potions
 a - 2 potions of heal wounds {unknown}
 f - a potion of mutation {unknown}
 h - 2 potions of flight {unknown}
 o - 2 potions of degeneration {unknown}
 s - 2 potions of brilliance {unknown}
 t - 2 potions of berserk rage {unknown}


   Skills:
 + Level 5.5 Fighting
 + Level 5.5 Dodging
 - Level 2.0 Stealth
 - Level 6.0 Unarmed Combat
 - Level 2.0 Spellcasting
 - Level 2.0 Transmutations
 - Level 2.0 Poison Magic


You had 5 spell levels left.
You knew the following spells:

 Your Spells              Type           Power      Damage    Failure   Level
a - Beastly Appendage     Tmut           24%        N/A       16%         1
b - Wereblood             Tmut           12%        N/A       21%         2
c - Spider Form           Tmut/Pois      12%        N/A       34%         3

Your spell library contained the following spells:

 Spells                   Type           Power      Damage    Failure   Level
 Summon Small Mammal      Summ           8%         N/A       28%         1
 Call Canine Familiar     Summ           2%         N/A       56%         3
 Summon Guardian Golem    Hex/Summ       2%         N/A       56%         3
 Ice Form                 Ice/Tmut       7%         N/A       80%         4


Dungeon Overview and Level Annotations

Branches:
Dungeon (6/15) Zot: 26730
 Temple: D:4-7

Altars:
Ru

Annotations:
D:4 exclusion: 2 downstairs
D:5 exclusion: steam dragon, Blork the orc


Innate Abilities, Weirdness & Mutations

You are a venomous arachnid creature.
You have poisonous fangs.
You are tiny and dextrous.
Your spellcasting is less reliable in this form.
Your armour is entirely melded.
You are incapable of wielding weapons or throwing items.
You cannot wear most types of armour.
((You are amphibious.))
You can wear up to eight rings at the same time.
((Your skin changes colour to match your surroundings (Stealth+).))
((Your rubbery body absorbs attacks. (AC +1, EV +1)))
((You are camouflaged when in or above water. (Stealth+)))
((You have tentacles for arms and can constrict up to eight enemies at once.))


Message History

You tentacle-slap the orc but do no damage.
You constrict the orc, but do no damage.
The orc misses you.
You tentacle-slap the orc. You squeeze the orc.
You kill the orc!
You closely miss the orc. You grab the orc. You constrict the orc.
The orc closely misses you.
The orc wizard mumbles some strange words.
The orc wizard flickers and vanishes!
Deactivating autopickup; reactivate with Ctrl-A.
You turn into a venomous arachnid creature.
You lose your grip on the orc.
The orc closely misses you.
You bite the orc!
You kill the orc!
A magic dart appears from out of thin air!
The magic dart hits you.
You hear some strange, mumbled words.
A puff of flame appears from out of thin air!
The puff of flame misses you.
Items here: ))) [ ††.
You barely miss something. Something hits you.
Your magical contamination has completely faded away.
You closely miss something. Something hits you.
You barely miss something. Something hits you.
You closely miss something.
Your transformation is almost over.
You closely miss something.
You hear some strange, mumbled words.
A puff of flame appears from out of thin air!
The puff of flame hits you!
* * * LOW HITPOINT WARNING * * *
You hit something but do no damage.
You hear some strange, mumbled words.
You are confused.
You're too confused to move!
Something completely misses you.
You bump into the rock wall.
You hear some strange, mumbled words.
A magic dart appears from out of thin air!
The magic dart hits you!
You die...

#..........
###......o...
..#..........
###.#..<.......
#.#.#.........#
#.####.#.#(#)########
#...........)#......#
.########.#.#{#.####.#
..........#.#s#.# #.#
###...†.....#.#.# #.#
......†.....###.# #.#
###.####........# #.#
........##.##### #.#
...........# #.#
##.######### #.# # #.#
#.#########


There were no monsters in sight!

Vanquished Creatures
  Sigmund (D:3)
  Duvessa (D:5)
  An ogre (D:3)
  A scorpion (D:6)
  Dowan (D:5)
  2 hounds
  4 orc priests
  A gnoll bouda (D:5)
  Terence (D:3)
  3 iguanas
  2 orc wizards
  11 gnolls
  9 adders
  A shadow imp (D:5)
  An ufetubus (D:6)
  4 worms
  16 orcs
  11 endoplasms
  5 giant cockroaches
  10 hobgoblins
  2 kobolds
  3 quokkas
  11 ball pythons
  6 bats
  5 frilled lizards
  8 goblins
  6 rats
127 creatures vanquished.

Vanquished Creatures (others)
  29 plants (D:5)
29 creatures vanquished.

Grand Total: 156 creatures vanquished

Notes
Turn   | Place    | Note
-------+----------+-------------------------------------------
     0 | D:1      | buhh the Octopode Transmuter began the quest for the Orb.
     0 | D:1      | Reached XP level 1. HP: 13/13 MP: 3/3
    37 | D:1      | You fall into a shaft and drop 1 floor!
   148 | D:2      | Reached skill level 1 in Stealth
   148 | D:2      | Reached skill level 1 in Poison Magic
   148 | D:2      | Reached XP level 2. HP: 13/18 MP: 3/5
   245 | D:2      | Reached XP level 3. HP: 14/23 MP: 4/6
   422 | D:2      | Identified the +1 robe of Wu Jian's Esteem {rCorr}
  1121 | D:1      | Reached XP level 4. HP: 21/29 MP: 7/7
  2031 | D:3      | Learned a level 2 spell: Wereblood
  2035 | D:3      | Learned a level 3 spell: Spider Form
  2215 | D:3      | Reached XP level 5. HP: 18/35 MP: 8/8
  2457 | D:3      | Noticed an ogre
  2471 | D:3      | Killed an ogre
  2498 | D:3      | Noticed Terence
  2512 | D:3      | Killed Terence
  2513 | D:3      | Reached skill level 4 in Unarmed Combat
  2513 | D:3      | Reached XP level 6. HP: 32/42 MP: 6/9
  2674 | D:3      | Noticed Sigmund
  2684 | D:3      | Killed Sigmund
  3325 | D:3      | Found a sacrificial altar of Ru.
  3794 | D:4      | Reached XP level 7. HP: 48/48 MP: 8/10
  4376 | D:5      | Entered Level 5 of the Dungeon
  4376 | D:5      | Noticed Dowan
  4420 | D:5      | Noticed a steam dragon
  4478 | D:5      | Noticed Duvessa
  4498 | D:4      | HP: 1/48 [orc priest/divine providence (14)]
  5214 | D:5      | Killed Duvessa
  5215 | D:5      | Reached skill level 5 in Unarmed Combat
  5541 | D:5      | Killed Dowan
  6428 | D:5      | Reached skill level 5 in Fighting
  6428 | D:5      | Reached skill level 5 in Dodging
  6585 | D:5      | Noticed Blork the orc
  6605 | D:5      | Reached XP level 8. HP: 40/55 MP: 7/11
  7068 | D:6      | Reached skill level 6 in Unarmed Combat
  7086 | D:6      | Killed from afar by an orc wizard

Illustrated notes

Levels and vault maps discovered:
D:1:      sevenhm_arrival_forest_fort_large_4, layout_basic, minmay_domino_4
D:2:      layout_basic, minmay_fountain_box
D:3:      layout_basic, nicolae_ru_awakened_eye, minmay_quantized, uniq_sigmund,
          uniq_terence
D:4:      layout_basic, serial_corexii_hall, chequers_hall_statues_y,
          chequers_hall_statues_wall_a, chequers_hall_statues_corner_a,
          corexii_hall_statues_x
D:5:      layout_rooms, nicolae_uskayaw_suspiria,
          nicolae_overflow_two_pavilions, nicolae_ossuary_entry_plus,
          serial_bayou_lagoon_a, uniq_blork_the_orc, uniq_duvessa
D:6:      layout_basic, grunt_temple_overflow_holy_war,
          minmay_temple_entry_ruins, dk_noncrumbling_4, nicolae_shop_fire_sale
          [nicolae_sub_dead_trees], nicolae_shop_clearance

Skill      XL: |  1  2  3  4  5  6  7  8 |
---------------+-------------------------+-----
Stealth        | 1 2 |  2.0
Poison Magic   | 1 2 |  2.0
Fighting       | 2 3 4 5 |  5.5
Dodging        | 3 4 5 |  5.5
Unarmed Combat | 4 5 6 |  6.0
Spellcasting   | |  2.0
Transmutations | |  2.0

Action                   |  1- 3 |  4- 6 |  7- 9 || total
-------------------------+-------+-------+-------++-------
Melee: Unarmed           |    51 |   109 |   196 ||   356
       Tentacles         |    15 |    18 |     8 ||    41
       Kick              |    16 |    19 |     2 ||    37
       Constrict         |    13 |    14 |    10 ||    37
       Punch             |     1 |     3 |       ||     4
 Cast: Beastly Appendage |    20 |    31 |     7 ||    58
       Spider Form       |       |     3 |    20 ||    23
       Wereblood         |       |       |     1 ||     1
  Use: Potion            |       |     1 |     4 ||     5
 Stab: Sleeping          |     2 |    11 |     2 ||    15
Armor: Skin              |     5 |     7 |     7 ||    19
Dodge: Dodged            |    30 |    54 |   200 ||   284

Table legend: (Time is in decaauts)
 A = Elapsed time spent in this place.
 B = Non-inter-level travel time spent in this place.
 C = Inter-level travel time spent in this place.
 D = Time resting spent in this place.
 E = Time spent auto-exploring this place.
 F = Levels seen in this place.
 G = Mean time per level.
                   A        B        C        D        E       F      G
               +--------+--------+--------+--------+--------+-----+--------+
         Total |   7064 |   6878 |    186 |   1482 |   4340 |   6 | 1177.3 |
       Dungeon |   7064 |   6878 |    186 |   1482 |   4340 |   6 | 1177.3 |
               +--------+--------+--------+--------+--------+-----+--------+

Top non-repeatable levels by time:
     D:4: 2491 daAuts
     D:3: 1678 daAuts
     D:2: 1096 daAuts
     D:1: 923 daAuts
     D:5: 606 daAuts
     D:6: 268 daAuts
